 Dungeon Crawl Stone Soup version 0.27.1-2-g3b301248ec (webtiles) character file.

Game seed: 12427198130808746272

5 nxtlvl the Charlatan (level 1, 0/15 HPs)
             Began as a Formicid Artificer on Sept 26, 2021.
             Frozen to death by an endoplasm (3 damage)
             ... on level 4 of the Dungeon.
             The game lasted 00:01:17 (99 turns).

nxtlvl the Charlatan (Formicid Artificer)             Turns: 99, Time: 00:01:18

Health: 0/15       AC:  3    Str: 16    XL:     1   Next: 88%
Magic:  1/1        EV: 11    Int: 10    God:
Gold:   45         SH:  0    Dex: 11    Spells: 0/0 levels left

rFire    . . .     SeeInvis +   a - +0 club
rCold    . . .     Faith    .   (no shield)
rNeg     . . .     Spirit   .   b - +0 leather armour
rPois    .         Reflect  .   (helmet unavailable)
rElec    .         Harm     .   (no cloak)
rCorr    .         Rampage  .   (no gloves)
Will     .....                  (no boots)
Stlth    +.........             (no amulet)
HPRegen  0.05/turn              (no ring)
MPRegen  0.07/turn              (no ring)

@: no status effects
A: permanent stasis, dig shafts and tunnels, antennae 3, four strong arms
a: Dig, Shaft Self


You were on level 4 of the Dungeon.
You visited 1 branch of the dungeon, and saw 3 of its levels.

You collected 45 gold pieces.

Inventory:

Hand Weapons
 a - a +0 club (weapon)
Armour
 b - a +0 leather armour (worn)
Wands
 c - a wand of flame (15) (quivered)
 d - a wand of charming (15)
Scrolls
 f - a scroll of summoning {unknown}
 g - a scroll of magic mapping {unknown}
Miscellaneous
 e - a piece from Xom's chessboard (14/15)


   Skills:
 - Level 1.1 Fighting
 * Level 1.3 Maces & Flails
 - Level 2.1 Armour
 - Level 0.8 Dodging
 - Level 1.2 Stealth
 - Level 3.2 Evocations


You couldn't memorise any spells.
You didn't know any spells.
Your spell library was empty.

Dungeon Overview and Level Annotations

Branches:
Dungeon (2/15)

Altars:


Innate Abilities, Weirdness & Mutations

You cannot be hasted, slowed, berserked, paralysed or teleported.
You can dig through walls and to a lower floor.
You have a pair of large antennae on your head. (SInv)
Your four strong arms can wield two-handed weapons with a shield.


Message History

You hit the kobold.
You kill the kobold!
Things that are here:
a +0 dagger of protection; 4 stones; a kobold corpse
There is a stone staircase leading down here.
You climb downwards.
There is a stone staircase leading up here.
Are you sure you want to shaft yourself?
You begin to dig a shaft.
You continue digging a shaft.
A shaft appears beneath you!
You fall into a shaft and drop 2 floors!
The shaft crumbles and collapses.
You hear the sound of rushing water.
There is an entrance to a sewer on this level.
Hurry and find it before the portal rusts away!
Found 24 gold pieces.
Found a stone staircase leading down and a stone staircase leading up.
You now have 33 gold pieces (gained 12).
You now have 45 gold pieces (gained 12).
You open the door.
An endoplasm comes into view.
The endoplasm quivers.
There is an open door here.
You hit the endoplasm.
The endoplasm is moderately wounded.
The endoplasm freezes you.
You are frozen.
You hit the endoplasm but do no damage.
The endoplasm is moderately wounded.
The endoplasm misses you.
You hit the endoplasm but do no damage.
The endoplasm is moderately wounded.
The endoplasm freezes you.
You are frozen.
* * * LOW HITPOINT WARNING * * *
You hit the endoplasm.
The endoplasm is heavily wounded.
The endoplasm closely misses you. The endoplasm freezes you.
You are frozen.
You die...

#. #.# #.###
##.... ##...##
##.....## .
##.......##
....####.<..>....#
......J@.........+
#...####.........#
# ##.......##
##.....## ##...##
##+##


You could see an endoplasm.

Vanquished Creatures
  A ball python (D:1)
  2 goblins (D:1)
  A kobold (D:1)
  A rat (D:1)
5 creatures vanquished.

Notes
Turn   | Place    | Note
-------+----------+-------------------------------------------
     0 | D:1      | nxtlvl the Formicid Artificer began the quest for the Orb.
     0 | D:1      | Reached XP level 1. HP: 15/15 MP: 1/1
    67 | D:1      | Reached skill level 1 in Maces & Flails
    86 | D:2      | You fall into a shaft and drop 2 floors!
    99 | D:4      | Frozen to death by an endoplasm

Illustrated notes

Levels and vault maps discovered:
D:1:      grunt_arrival_lava_bath, layout_loops_ring, minmay_surrounded
D:2:      layout_loops_ring, serial_co_window_serial, co_window_paths_b,
          co_window_paths_a, co_window_paths_a, co_window_paths_a,
          co_window_paths_b, co_window_of_opportunity_b, co_window_broadway_a,
          co_window_broadway_b, co_window_cross_3, co_window_corner_ca,
          co_window_unsneaky_path_d, co_window_paths_d, co_window_4corner_b,
          glass_columns_b, glass_columns_a, kennysheep_path_1
D:4:      layout_loops_corners, minmay_temple_entry_crystal_x,
          cheibrodos_sewer_entry_drain, serial_shops, shop

Skill      XL: |  1 |
---------------+----+-----
Maces & Flails | 1 |  1.3
Fighting       | |  1.1
Armour         | |  2.1
Dodging        | |  0.8
Stealth        | |  1.2
Evocations     | |  3.2

Action                   || total
-------------------------++-------
Melee: Club              ||    16
 Abil: Shaft Self        ||     1
Evoke: Piece from Xom's  ||     1
Armor: Leather armour    ||     3
Dodge: Dodged            ||     9
